 Dungeon Crawl Stone Soup version 0.29.1-15-g9cfb28693d (webtiles) character file.

Game seed: 623748929518313978

520 BuddhaDhamma the Cleaver (level 7, -1/57 HPs)
             Began as a Minotaur Berserker on Mar 4, 2023.
             Was a Believer of Trog.
             Slain by a hound (2 damage)
             ... on level 6 of the Dungeon.
             The game lasted 00:06:22 (3579 turns).

BuddhaDhamma the Cleaver (Minotaur Berserker)       Turns: 3579, Time: 00:06:22

Health: -1/57      AC:  6    Str: 24    XL:     7   Next: 1%
Magic:  6/6        EV: 11    Int:  4    God:    Trog [**....]
Gold:   110        SH:  0    Dex: 15    Spells: 6/6 levels left

rFire   . . .      SeeInvis .   a - +0 hand axe
rCold   . . .      Faith    .   (no shield)
rNeg    . . .      Spirit   .   t - +0 scale mail
rPois   .          Reflect  .   (helmet restricted)
rElec   .          Harm     .   (no cloak)
rCorr   .          Rampage  .   (no gloves)
Will    .....                   (no boots)
Stlth   ..........              (no amulet)
HPRegen 0.19/turn               d - +6 ring of dexterity
MPRegen 0.10/turn               (no ring)

@: on berserk cooldown, slowed, very slow
A: horns 2, retaliatory headbutt
a: Renounce Religion, Berserk, Trog's Hand


You were on level 6 of the Dungeon.
You worshipped Trog.
Trog was pleased with you.
You visited 1 branch of the dungeon, and saw 6 of its levels.

You collected 110 gold pieces.

Inventory:

Hand Weapons
 a - a +0 hand axe (weapon)
Armour
 t - a +0 scale mail (worn)
Jewellery
 d - a +6 ring of dexterity (left hand)
 f - a ring of resist corrosion
Wands
 m - a wand of paralysis (15)
 s - a wand of digging (4)
Scrolls
 c - a scroll of summoning {unknown}
 e - 2 scrolls of identify {unknown}
 h - a scroll of brand weapon {unknown}
 i - 2 scrolls of teleportation {unknown}
 n - 2 scrolls of enchant weapon {unknown}
 p - a scroll of enchant armour {unknown}
 q - a scroll of vulnerability {unknown}
 r - a scroll of blinking {unknown}
Potions
 b - 2 potions of degeneration {unknown}
 g - 2 potions of magic {unknown}
 j - 2 potions of mutation {unknown}
 k - a potion of flight {unknown}
 l - a potion of lignification {unknown}
 o - a potion of curing {unknown}


   Skills:
 - Level 3.6 Fighting
 + Level 9.6 Axes
 - Level 2.4 Armour
 - Level 2.1 Dodging


You had 6 spell levels left.
You didn't know any spells.
Your spell library was empty.

Dungeon Overview and Level Annotations

Branches:
Dungeon (7/15)
 Temple: D:4-7

Altars:
Ashenzari
Fedhas
Hepliaklqana
Vehumet
Wu Jian


Innate Abilities, Weirdness & Mutations

You have a pair of horns on your head.
You reflexively headbutt those who attack you in melee.


Message History

The orc hits you with a +0 whip.
You barely miss the orc.
The orc is heavily wounded.
You hit the orc priest.
The orc priest mumbles some strange prayers to Beogh against you.
Beogh smites you!
* * * LOW HITPOINT WARNING * * *
You barely miss the orc. You headbutt the orc.
You kill the orc!
Trog accepts your kill.
You hit the orc priest but do no damage.
You slash the orc priest!
You kill the orc priest!
Trog accepts your kill.
You have reached level 7!
The orc warrior closely misses you.
Things that are here:
a +1 short sword of speed; a +0 leather armour You feel a strong urge to attack something.
Things that are here:
a +0 whip; a +0 leather armour; an orc corpse You are no longer berserk.
You are exhausted.
You feel yourself slow down.
The orc warrior hits you with a +0 halberd!
* * * LOW HITPOINT WARNING * * *
The hound bites you but does no damage.
You slash the hound!
The hound is moderately wounded.
You closely miss the orc warrior.
A hound comes into view.
The hound barely misses you. The orc warrior closely misses you.
You furiously retaliate!
You headbutt the orc warrior. You hit the hound.
The hound is heavily wounded.
You closely miss the orc warrior. The hound bites you.
* * * LOW HITPOINT WARNING * * *
The orc warrior closely misses you. You furiously retaliate!
You headbutt the orc warrior. The hound bites you.
You die...

#.#.............#.# ###
#.#####.######....# #.:
#.#...#...###...#.# #..
##'#.....#.....#.#.# #..
#####................#.###..
#...>......................#
#............###..)..#......
#......#....)# #.....#......
#......#..h@)# ..#'# #......
#......#.#o#.# # #. #......
########.#o#.# # #......
..........# #......
####..#.### #...... #.##.# #
... #.# # ### #.# ### #.#
#..


You could see an orc warrior, a hound and an orc.

Vanquished Creatures
  A water moccasin (D:3)
  3 scorpions (D:6)
  An orc priest (D:6)
  Jessica (D:3)
  3 iguanas (D:6)
  3 adders
  5 dart slugs
  7 orcs (D:6)
  2 endoplasms
  4 giant cockroaches
  4 goblins
  6 hobgoblins
  8 jackals
  3 quokkas
  2 ball pythons
  7 bats
  A frilled lizard (D:3)
  7 kobolds
  9 rats
77 creatures vanquished.

Vanquished Creatures (others)
  29 plants (D:6)
29 creatures vanquished.

Grand Total: 106 creatures vanquished

Notes
Turn   | Place    | Note
-------+----------+-------------------------------------------
     0 | D:1      | BuddhaDhamma the Minotaur Berserker began the quest for the
                  | Orb.
     0 | D:1      | Reached XP level 1. HP: 19/19 MP: 0/0
    30 | D:1      | Reached skill level 4 in Axes
   213 | D:1      | Reached XP level 2. HP: 21/26 MP: 1/1
   525 | D:1      | Reached skill level 5 in Axes
   668 | D:1      | Reached XP level 3. HP: 26/31 MP: 2/2
   682 | D:1      | Reached ** piety under Trog
  1169 | D:1      | Found a faded altar of an unknown god.
  1687 | D:2      | Reached XP level 4. HP: 38/39 MP: 3/3
  1727 | D:2      | Reached skill level 6 in Axes
  2141 | D:3      | Found an ornate altar of the Wu Jian Council.
  2183 | D:3      | Noticed Jessica
  2183 | D:3      | Noticed a water moccasin
  2195 | D:3      | Killed a water moccasin
  2196 | D:3      | Reached skill level 7 in Axes
  2196 | D:3      | Reached XP level 5. HP: 45/45 MP: 4/4
  2201 | D:3      | Killed Jessica
  2383 | D:3      | Found a blossoming altar of Fedhas.
  2561 | D:3      | Found a hazy altar of Hepliaklqana.
  2625 | D:3      | Found a broken altar of Ashenzari.
  2702 | D:4      | Found a radiant altar of Vehumet.
  2702 | D:4      | You fall into a shaft and drop 3 floors!
  2763 | D:6      | Reached skill level 8 in Axes
  2763 | D:6      | Reached XP level 6. HP: 38/51 MP: 5/5
  3111 | D:6      | Reached *** piety under Trog
  3300 | D:6      | Reached skill level 9 in Axes
  3568 | D:6      | Noticed an orc warrior
  3575 | D:6      | Reached XP level 7. HP: 17/57 MP: 6/6
  3579 | D:6      | HP: 1/57 [hound (4)]
  3579 | D:6      | Slain by a hound

Illustrated notes

Levels and vault maps discovered:
D:1:      elethiomel_arrival_shortcut, layout_loops_corners,
          hellmonk_ecumenical_altar_slurped_away, minmay_close_crescents
D:2:      layout_loops_ring
D:3:      layout_rooms, old_standard_altar, ashenzari_altar_1,
          fedhas_altar_fruit_tree, lemuel_crystal_altar, uniq_jessica
D:4:      layout_cave_pods, nemelex_spade_bored_becter, amcnicky_altar_gilded
D:6:      layout_basic, serial_bayou_ford_a, serial_bayou_lagoon_a,
          minmay_starry_boxes
D:7:      layout_loops_cross, enter_bailey_6

Skill      XL: |  1  2  3  4  5  6 |
---------------+-------------------+-----
Axes           | 4 5 7 8 9 |  9.6
Fighting       | |  3.6
Armour         | |  2.4
Dodging        | |  2.1

Action                   |  1- 3 |  4- 6 |  7- 9 || total
-------------------------+-------+-------+-------++-------
Melee: Hand axe          |   102 |    82 |     2 ||   186
       Headbutt          |    10 |    15 |       ||    25
Invok: Berserk           |       |     2 |       ||     2
 Stab: Distracted        |     1 |       |       ||     1
       Sleeping          |       |     2 |       ||     2
Armor: Animal skin       |     4 |       |       ||     4
       Leather armour    |    22 |     5 |       ||    27
       Ring mail         |       |     6 |       ||     6
       Scale mail        |       |     8 |     1 ||     9
Dodge: Dodged            |    72 |    49 |     4 ||   125
